cohdb
Replays
Latest Replays
All Replays
Popular Replays
Top Player Replays
Match Explorer
How It Works
Community
CoH3 Stats
Reddit
Sign in to upload your games and track your stats! →
Sign in with Steam
Match 45848546
Unlisted
Match 45848546
Overview
Messages
Build Orders
End
Royal Engineer Section
Construct Section Command Post
Selects Australian Defense Battlegroup
Selects Australian Light Infantry Section
Australian Light Infantry Section
Infantry Section
Infantry Section
Construct Platoon Command Post
Selects CMP 15cwt Supply Run
Humber Armored Car
Vickers Machine Gun Team
6-pounder Anti-tank Gun Team
BALCK_9
MIHua
CAuMOH
K̳itsuné
0
0
Comments
sign in to comment!
No comments posted yet!